Map: Undercurrent LE

Players

VIKING - Winner!

  • Race: Terran Terran
  • Spawn Location: 7:00

David - Winner!

  • Race: Terran Terran
  • Spawn Location: 7:00

Yoyi

  • Race: Protoss Protoss
  • Spawn Location: 3:00

Joqoom

  • Race: Zerg Zerg
  • Spawn Location: 1:00

VOD

Have the link to the VOD?

Description

Time

  • Played on: April 10, 2025, 7:15 p.m.
  • Length: 16:03
Show
View Real Time Build Order
Export as new Build Order

VIKING Terran - Winner!

Build Orders: Command Center First 

Get SALT Encoding   

  12  0:01  SCV  
  13  0:18  Supply Depot, SCV  
  14  0:30  SCV  
  15  0:43  SCV  
  16  0:55  SCV  
  17  1:02  Engineering Bay  
  17  1:16  Command Center  
  17  1:20  SCV  
  18  1:33  Barracks  
  18  1:39  SCV  
  19  1:51  Barracks  
  19  1:54  Barracks  
  19  2:01  SCV  
  21  2:23  Orbital Command  
  21  2:28  Marine, Bunker  
  21  2:32  Orbital Command  
  21  2:47  Refinery  
  21  2:48  Marine x2  
  21  2:49  Refinery  
  21  2:51  Marine  
  24  3:03  SCV x2  
  26  3:06  Marine  
  26  3:08  Marine  
  28  3:15  Barracks  
  28  3:20  SCV x2  
  28  3:26  Engineering Bay  
  30  3:29  Marine  
  30  3:30  Marine x2  
  33  3:40  Refinery  
  33  3:42  SCV  
  33  3:43  SCV, Refinery  
  33  3:47  Supply Depot  
  35  3:49  Marine  
  35  3:50  Marine x2  
  38  4:08  Supply Depot  
  38  4:09  SCV x2  
  42  4:14  Barracks Reactor  
  42  4:15  Barracks Reactor  
  41  4:18  Barracks Reactor  
  41  4:24  SCV x2  
  42  4:25  Factory  
  42  4:29  Supply Depot, Missile Turret  
  42  4:33  Missile Turret  
  42  4:36  SCV  
  43  4:38  Barracks Tech Lab  
  43  4:47  Sensor Tower  
  43  4:48  SCV  
  43  4:49  SCV, Sensor Tower  
  45  4:53  Marine x2  
  45  4:58  Combat Shield  
  47  5:07  SCV x2  
  47  5:12  Supply Depot  
  48  5:15  Factory Tech Lab  
  48  5:16  Supply Depot  
  48  5:19  SCV x2  
  48  5:20  Marine  
  51  5:21  Starport  
  51  5:32  Starport  
  51  5:34  SCV x2  
  53  5:44  Missile Turret  
  53  5:46  SCV  
  53  5:47  Siege Tank  
  57  5:50  SCV  
  57  5:54  Marine  
  57  5:55  Missile Turret  
  59  5:57  Marine  
  59  5:58  Marine x2  
  63  6:04  SCV  
  63  6:05  Supply Depot  
  62  6:18  Marine x4  
  47  6:36  Marine  
  40  6:40  Marine x3  
  38  6:48  Marine x2  
  38  6:49  Marine  
  38  6:54  Marine  
  40  6:58  SCV x2, Marine x2  
  46  7:06  Marine  
  46  7:07  Bunker  
  47  7:10  SCV x2, Marine  
  50  7:16  Marine  
  50  7:25  Barracks Reactor  
  50  7:27  Barracks Reactor  
  50  7:32  Stimpack  
  50  7:35  Siege Tank  
  53  7:44  Command Center  
  53  7:45  SCV  
  53  7:46  SCV  
  55  7:52  Marine x3  
  55  7:54  Medivac  
  55  7:56  Medivac  
  62  7:58  Viking x2  
  62  8:05  Terran Infantry Weapons Level 1  
  66  8:10  Marine  
  67  8:15  SCV x2  
  67  8:17  Siege Tank  
  72  8:20  Marine x2  
  74  8:27  SCV  
  74  8:31  Missile Turret  
  74  8:33  Marine x5  
  80  8:46  Marine x2  
  80  8:47  Viking  
  84  8:50  Marine  
  84  8:51  Marine  
  84  8:55  SCV x2  
  88  8:57  Planetary Fortress  
  88  9:01  Missile Turret  
  88  9:08  SCV  
  88  9:09  SCV, Marine x4  
  92  9:10  Marine  
  92  9:14  Engineering Bay  
  95  9:17  Supply Depot  
  95  9:18  Viking  
  97  9:29  Armory  
  97  9:32  Siege Tank  
  97  9:33  Marine  
  101  9:38  Marine x4  
  101  9:45  Missile Turret  
  105  9:54  SCV x3, Marine, Missile Turret  
  105  9:59  Terran Infantry Armor Level 1  
  109  10:00  Marine x2  
  109  10:02  Supply Depot  
  109  10:05  Marine x4  
  115  10:14  Armory  
  115  10:19  Refinery  
  115  10:20  Refinery  
  115  10:23  Marine x4  
  115  10:24  Marine  
  120  10:35  Neosteel Armor  
  63  10:58  Marine x4  
  63  10:59  Marine x2  
  69  11:05  Marine  
  69  11:07  Medivac  
  72  11:16  SCV x2, Marine x2  
  76  11:36  Command Center  
  76  11:38  SCV x2  
  76  11:39  SCV  
  79  11:50  SCV x2  
  79  11:53  Viking x2  
  85  11:55  Concussive Shells  
  85  11:58  SCV  
  86  12:02  SCV  
  86  12:03  Marine x4  
  92  12:10  Bunker  
  92  12:19  Barracks Reactor  
  92  12:20  Marine  
  92  12:21  Marine x2  
  94  12:24  Terran Vehicle Weapons Level 1  
  94  12:26  Terran Vehicle And Ship Armor Level 1, Marine x2  
  94  12:28  Terran Infantry Weapons Level 2  
  96  12:32  Terran Infantry Armor Level 2  
  96  12:38  Marine x2  
  96  12:42  Marine  
  99  12:44  Marine x2  
  99  12:50  Refinery  
  99  12:51  Missile Turret  
  101  12:56  Missile Turret  
  101  13:03  Barracks  
  101  13:07  Marine x4  
  105  13:13  Planetary Fortress  
  105  13:18  Marine  
  105  13:19  Marine  
  107  13:23  Medivac  
  107  13:25  Medivac  
  111  13:34  Missile Turret  
  111  13:39  SCV x3, Marine  
  111  13:40  Marine  
  116  13:46  Widow Mine  
  118  13:51  SCV, Medivac x2  
  123  13:55  Supply Depot  
  123  14:05  Marine  
  123  14:06  Marine x4  
  95  14:47  Marine  
  95  14:48  Marine x7  
  103  14:56  Viking x2  
  107  15:05  Marine x4  
  107  15:06  Marine x3  
  114  15:08  SCV  
  114  15:09  SCV  
  116  15:27  Medivac  
Show
View Real Time Build Order
Export as new Build Order

David Terran - Winner!

Build Orders:  

Get SALT Encoding   

  12  0:01  SCV  
  13  0:13  SCV  
  14  0:18  Supply Depot  
  14  0:34  Refinery  
  14  0:42  Barracks  
  14  0:45  SCV  
  16  0:57  SCV  
  16  1:16  SCV  
  17  1:30  Orbital Command, Barracks Reactor  
  17  1:37  Supply Depot  
  17  1:52  Command Center  
  17  2:06  Marine  
  17  2:07  Marine  
  19  2:20  Engineering Bay  
  19  2:24  Marine  
  19  2:25  Marine  
  19  2:29  SCV  
  22  2:41  SCV  
  23  2:53  SCV  
  23  2:54  Barracks  
  24  3:05  SCV  
  24  3:07  SCV  
  26  3:19  SCV  
  27  3:21  Barracks  
  27  3:23  SCV  
  28  3:31  SCV  
  29  3:35  SCV  
  29  3:38  Terran Infantry Weapons Level 1  
  30  3:44  SCV  
  30  3:46  Barracks Tech Lab  
  30  3:48  SCV  
  32  3:50  Refinery  
  32  3:56  SCV  
  32  4:00  SCV  
  34  4:06  Combat Shield  
  34  4:12  SCV  
  34  4:15  Barracks Tech Lab  
  35  4:20  Supply Depot, Refinery  
  35  4:26  SCV  
  35  4:29  SCV  
  37  4:35  Marine x4  
  41  4:38  SCV  
  41  4:40  Stimpack  
  41  4:41  SCV  
  41  4:43  Supply Depot  
  43  4:46  Refinery  
  43  4:50  SCV  
  44  4:52  Marine  
  44  4:53  Marine x2  
  44  4:54  SCV  
  48  5:03  SCV  
  49  5:15  SCV  
  50  5:21  Marine x3  
  50  5:22  Marine  
  50  5:27  SCV  
  55  5:32  SCV  
  56  5:39  Marine x4  
  56  5:40  Factory  
  60  5:44  SCV  
  61  5:51  Supply Depot  
  61  5:53  SCV  
  62  6:12  Marine  
  62  6:13  SCV x2  
  62  6:14  Supply Depot  
  65  6:25  SCV  
  64  6:34  Marine x3  
  64  6:35  Marine  
  64  6:38  Factory Tech Lab  
  68  6:42  Supply Depot  
  68  6:52  Marine x4  
  72  6:54  Barracks  
  72  7:04  Supply Depot  
  72  7:10  Marine x4  
  76  7:27  Marine  
  76  7:28  Marine x3  
  64  7:43  Barracks  
  63  7:44  Armory  
  63  7:46  Marine x2  
  63  7:47  Orbital Command  
  65  7:55  Barracks Reactor  
  65  7:58  Siege Tank  
  68  8:18  Terran Infantry Armor Level 1  
  68  8:30  Siege Tank  
  68  8:33  Starport  
  71  8:35  Supply Depot  
  71  8:36  Barracks Reactor  
  71  8:47  Marine  
  71  8:48  Marine x5  
  77  9:00  Supply Depot  
  77  9:02  Siege Tank  
  80  9:05  Marine x2  
  80  9:06  Marine x4  
  86  9:19  Medivac  
  86  9:22  Supply Depot  
  86  9:23  Marine x6  
  94  9:31  Supply Depot  
  94  9:34  Siege Tank  
  97  9:41  Marine x6  
  103  9:49  Medivac  
  105  9:54  Supply Depot  
  105  9:59  Marine x2  
  107  10:06  Siege Tank, Marine  
  107  10:07  Marine x5  
  111  10:12  Terran Infantry Weapons Level 2  
  116  10:16  Supply Depot  
  116  10:17  Marine x2  
  116  10:19  Medivac  
  120  10:21  Supply Depot  
  120  10:24  Marine x6  
  126  10:29  Terran Vehicle Weapons Level 1  
  126  10:35  Marine x2  
  128  10:38  Supply Depot, Thor  
  128  10:42  Marine x6  
  137  10:44  Supply Depot  
  137  10:49  Medivac  
  142  10:52  Marine x2  
  144  10:59  Marine  
  144  11:00  Marine x5  
  150  11:10  Marine x2  
  152  11:19  Medivac  
  152  11:21  Thor  
  160  11:50  Supply Depot, Viking  
  162  11:59  Marine  
  162  12:00  Marine x3  
  166  12:12  Marine x2, Thor  
  166  12:13  Supply Depot  
  174  12:24  Terran Vehicle And Ship Armor Level 1  
  174  12:27  Terran Infantry Armor Level 2  
  174  12:34  Marine x6, Viking  
  174  12:36  Supply Depot  
  182  12:41  Supply Depot  
  182  12:58  Supply Depot, Marine x7  
  189  13:02  Thor  
  189  13:04  Viking  
  197  13:15  Marine  
  198  13:22  Supply Depot  
  198  13:26  Marine x2  
  200  13:44  Supply Depot  
Show
View Real Time Build Order
Export as new Build Order

Yoyi Protoss 

Build Orders:  

Get SALT Encoding   

  12  0:00  Probe  
  14  0:14  Probe  
  14  0:21  Pylon  
  14  0:26  Probe  
  15  0:46  Probe  
  16  0:52  Gateway x2  
  16  0:54  Probe  
  16  0:57  Assimilator  
  16  1:02  Probe  
  18  1:12  Probe  
  18  1:16  Assimilator  
  19  1:19  Pylon  
  19  1:24  Probe  
  20  1:37  Probe  
  21  1:41  Zealot x2  
  25  1:50  Cybernetics Core  
  25  1:55  Probe  
  26  2:08  Pylon  
  26  2:14  Zealot x2  
  30  2:38  Stalker x2, Probe  
  35  2:50  Probe  
  36  3:00  Pylon  
  36  3:08  Zealot, Twilight Council  
  38  3:14  Charge  
  38  3:18  Zealot  
  40  3:22  Pylon  
  40  3:25  Warp Gate  
  40  3:35  Zealot  
  42  3:45  Zealot  
  44  4:16  Nexus  
  44  4:17  Zealot x2  
  48  4:30  Pylon  
  48  4:44  Zealot, Probe  
  48  4:45  Zealot  
  52  4:52  Probe  
  54  5:01  Probe  
  55  5:12  Zealot x2  
  55  5:14  Probe  
  60  5:24  Pylon  
  60  5:53  Gateway  
  60  5:54  Gateway x2  
  60  5:55  Gateway, Probe  
  60  5:59  Probe  
  60  6:00  Gateway  
  60  6:01  Gateway  
  60  6:03  Probe  
  62  6:07  Probe  
  57  6:17  Probe  
  56  6:23  Zealot x2  
  49  6:28  Probe  
  49  6:29  Blink  
  49  6:31  Probe  
  48  6:36  Probe  
  48  6:39  Probe  
  47  6:45  Probe  
  45  6:53  Zealot x4  
  50  6:56  Stalker  
  50  6:59  Stalker  
  54  7:11  Zealot  
  54  7:12  Zealot  
  54  7:14  Stalker  
  60  7:23  Zealot x4  
  60  7:28  Zealot  
  62  7:52  Nexus  
  62  7:53  Pylon  
  62  7:54  Assimilator  
  62  7:57  Zealot x3  
  68  8:05  Assimilator  
  68  8:14  Stalker x2  
  68  8:15  Stalker  
  74  8:39  Probe  
  75  8:51  Zealot x2, Probe  
  75  8:52  Zealot x3  
  75  8:53  Zealot  
  75  8:54  Zealot x2  
  92  9:06  Pylon  
  92  9:07  Forge  
  92  9:08  Forge  
  92  9:09  Pylon  
  92  9:31  Protoss Ground Weapons Level 1  
  92  9:33  Zealot x2  
  92  9:34  Zealot x3  
  92  9:35  Zealot x2  
  92  9:38  Zealot  
  108  10:06  Zealot x3  
  108  10:07  Zealot x3  
  116  10:08  Zealot  
  122  10:30  Probe  
  122  10:34  Probe  
  119  10:38  Probe  
  119  10:42  Probe  
  115  10:48  Probe  
  76  10:51  Probe  
  76  10:55  Zealot  
  76  10:56  Zealot x4  
  76  10:57  Zealot x3  
  68  11:00  Probe  
  68  11:03  Probe  
  66  11:12  Probe  
  66  11:15  Protoss Ground Weapons Level 2, Probe, Protoss Ground Armor Level 1  
  66  11:18  Zealot x2  
  70  11:19  Zealot x5  
  70  11:22  Zealot  
  82  11:51  Zealot x2  
  82  11:52  Zealot x5  
  82  11:53  Zealot  
  98  12:13  Zealot  
  98  12:14  Zealot x4  
  98  12:15  Zealot x3  
  114  12:35  Zealot x5  
  124  12:48  Pylon  
  124  12:51  Pylon  
  124  12:53  Probe  
  124  12:54  Pylon  
  124  12:57  Assimilator  
  125  12:58  Assimilator  
  125  13:06  Probe  
  125  13:07  Stargate x2  
  125  13:11  Stargate  
  126  13:13  Stargate  
  126  13:15  Cybernetics Core  
  126  13:18  Probe, Pylon  
  127  13:24  Pylon  
  127  13:28  Pylon  
  127  13:30  Probe  
  128  13:42  Zealot, Probe  
  128  13:43  Zealot x4  
  128  13:44  Zealot x3  
  145  13:54  Probe  
  146  14:06  Probe  
  146  14:07  Zealot x5  
  146  14:08  Zealot x3  
  119  14:32  Nexus  
  119  14:34  Assimilator  
  119  14:38  Assimilator  
  79  14:41  Pylon  
  73  14:53  Void Ray x4  
  89  15:18  Zealot x3  
  89  15:19  Zealot x5  
  105  15:40  Zealot x5  
  105  15:41  Zealot x3  
Show
View Real Time Build Order
Export as new Build Order

Joqoom Zerg 

Build Orders: Hatch First, Brood Lord Corruptor 

Get SALT Encoding   

  12  0:00  Drone  
  13  0:08  Drone  
  14  0:17  Overlord  
  14  0:36  Drone  
  14  0:37  Drone x2  
  17  0:55  Drone  
  18  0:59  Drone  
  18  1:01  Hatchery  
  18  1:07  Extractor  
  18  1:08  Extractor  
  16  1:13  Drone  
  17  1:21  Spawning Pool  
  16  1:43  Drone x2  
  16  1:44  Drone  
  19  1:56  Drone  
  20  2:15  Lair  
  20  2:17  Zergling x4  
  20  2:18  Zergling x2  
  20  2:21  Queen  
  25  2:29  Drone x2  
  27  2:54  Drone  
  27  2:57  Overlord x2  
  28  3:01  Overlord  
  28  3:19  Drone x3  
  32  3:20  Drone x2  
  32  3:27  Spire  
  32  3:37  Drone, Spire  
  32  3:39  Drone  
  33  3:59  Drone x4  
  33  4:00  Drone  
  38  4:15  Hatchery  
  37  4:17  Drone, Extractor  
  37  4:22  Queen  
  37  4:23  Extractor  
  38  4:25  Zergling x4  
  38  4:26  Zergling x6  
  38  4:29  Metabolic Boost  
  43  4:38  Evolution Chamber  
  42  4:40  Evolution Chamber  
  42  4:41  Zerg Flyer Armor Level 1  
  41  4:47  Infestation Pit  
  41  4:49  Zerg Flyer Weapons Level 1  
  40  4:58  Drone x2  
  40  4:59  Drone x4  
  46  5:09  Drone  
  47  5:18  Corruptor  
  49  5:31  Drone x2  
  49  5:33  Corruptor  
  49  5:34  Corruptor x2  
  57  5:47  Overlord x4  
  57  6:02  Drone  
  58  6:05  Drone x2  
  58  6:06  Drone  
  61  6:11  Corruptor  
  61  6:35  Zerg Melee Weapons Level 1, Zerg Ground Armor Level 1  
  61  6:38  Corruptor x3  
  61  7:04  Spine Crawler x3  
  61  7:05  Spine Crawler  
  61  7:06  Spine Crawler  
  54  7:21  Hive  
  54  7:25  Zerg Flyer Weapons Level 2, Zerg Flyer Armor Level 2  
  54  7:42  Drone x2  
  54  7:43  Drone  
  57  7:47  Extractor  
  57  7:49  Extractor  
  55  8:11  Drone x2  
  57  8:30  Hatchery  
  56  8:37  Hatchery  
  55  8:44  Hatchery  
  55  8:45  Corruptor x2  
  55  8:46  Corruptor x4  
  66  8:52  Queen  
  68  9:04  Drone x4  
  72  9:11  Zerg Ground Armor Level 2  
  72  9:17  Zerg Melee Weapons Level 2  
  72  9:20  Drone  
  72  9:21  Drone  
  74  9:31  Drone  
  74  9:33  Drone  
  76  9:38  Overlord x2  
  76  9:39  Overlord x2  
  76  10:23  Greater Spire  
  76  10:24  Zerg Flyer Armor Level 3  
  76  10:29  Drone  
  76  10:30  Drone x6  
  76  10:31  Drone x5  
  76  10:32  Drone x3  
  91  11:01  Zergling x2  
  91  11:02  Zergling x10  
  91  11:03  Zergling x8  
  101  11:39  Zerg Flyer Weapons Level 3  
  101  11:42  Brood Lord x5  
  101  11:43  Brood Lord x2  
  101  11:44  Brood Lord  
  101  11:45  Corruptor x4  
  125  11:48  Overlord x3  
  125  11:49  Overlord  
  125  12:21  Extractor  
  124  12:25  Extractor  
  123  12:30  Corruptor x5  
  123  12:31  Corruptor x5  
  123  12:34  Corruptor  
  123  12:35  Extractor  
  144  12:38  Corruptor, Extractor  
  145  12:56  Adrenal Glands  
  145  13:20  Drone  
  145  13:23  Drone x2  
  145  13:25  Drone x6  
  145  13:26  Drone x4  
  158  13:32  Overlord  
  158  13:33  Overlord x2  
  158  13:47  Ultralisk Cavern  
  157  13:51  Hydralisk Den  
  153  14:17  Zergling x6  
  153  14:18  Zergling x12  
  153  14:19  Zergling x10  
  153  14:20  Zergling x2  
  71  15:04  Corruptor x4  
  71  15:05  Corruptor x4  
  71  15:06  Corruptor x3  
  98  15:24  Ultralisk  
Tags
 
Add a new tag
Caveats
  • Supply blocks, unpowered buildings, or Contaminate may cause inaccurate times.
  • Supply counts are checked every 10 seconds.